[Event "Team 45 45 League T35"]
[Site "Internet Chess Club"]
[Date "2007.11.16"]
[Round "5"]
[White "b-spot"]
[Black "Bdayton"]
[Result "1-0"]
[WhiteElo "1679"]
[BlackElo "1639"]
[Opening "King's Indian: 6.Be2"]
[ECO "E91"]
[Time "19:00:47"]
[TimeControl "2700+45"]

1. d4 d6 2. c4 Nf6 3. Nf3 g6 4. Nc3 Bg7 5. e4 O-O 6. Be2 c5 7. O-O cxd4 8. Nxd4
Nc6 9. Be3 Nd7 10. Nxc6 bxc6 11. Qd2 c5 12. Bh6 Nb6 13. Bxg7 Kxg7 14. h4 f5 15.
exf5 Bxf5 16. h5 Qd7 17. hxg6 Bxg6 18. b3 Qf5 19. Bf3 Qd3 20. Qxd3 Bxd3 21. Rfd1
Rxf3 22. gxf3 Bf5 23. Nd5 Nxd5 24. Rxd5 Be6 25. Rg5+ Kf6 26. Rg3 h5 27. Kh2 Rh8
28. Rag1 Bf5 29. Rg8 Rh6 30. Rf8+ Ke6 31. Re1+ Kd7 32. Rxf5 {Black resigns} 1-0

[Event "Team 45 45 League T35"]
[Site "Internet Chess Club"]
[Date "2007.11.18"]
[Round "5"]
[White "Glassywoman"]
[Black "dougmo"]
[Result "0-1"]
[WhiteElo "1336"]
[BlackElo "1566"]
[Opening "French: advance variation"]
[ECO "C02"]
[Time "11:06:41"]
[TimeControl "2700+45"]

1. e4 e6 2. d4 d5 3. e5 c5 4. Bb5+ Bd7 5. Bxd7+ Qxd7 6. c3 Nc6 7. b3 cxd4 8.
cxd4 Rc8 9. a3 Nxd4 10. Qxd4 Rxc1+ 11. Kd2 Rc8 12. b4 Ne7 13. Nc3 Nc6 14. Qf4
Be7 15. Nge2 h6 16. h4 Qc7 17. Qg4 Qxe5 18. f4 Qf6 19. Raf1 Nd4 20. Nxd5 Rc2+
21. Kd3 exd5 22. Nxd4 Rc4 23. Nf5 Qc3+ 24. Ke2 Qc2+ 25. Kf3 Rc3+ 26. Ne3 Qe4+
27. Kg3 Rxe3+ 28. Kh2 O-O 29. Rhg1 Qe6 30. f5 Bd6+ 31. Kh1 Qe4 32. Qh3 Rxh3#
{White checkmated} 0-1

[Event "Team 45 45 League T35"]
[Site "Internet Chess Club"]
[Date "2007.11.17"]
[Round "5"]
[White "werty"]
[Black "EyeAm"]
[Result "1/2-1/2"]
[WhiteElo "1413"]
[BlackElo "1389"]
[Opening "Dutch defense"]
[ECO "A81"]
[Time "13:59:17"]
[TimeControl "2700+45"]

1. d4 f5 2. g3 Nf6 3. Bg2 g6 4. Nf3 Bg7 5. O-O O-O 6. c3 d6 7. Nbd2 Nc6 8. Re1
Ne4 9. Nxe4 fxe4 10. Nd2 d5 11. f3 exf3 12. exf3 e5 13. dxe5 Nxe5 14. f4 Bg4 15.
Qb3 Nd3 16. Re3 Nxc1 17. Rxc1 c6 18. Qxb7 Qd7 19. Qxd7 Bxd7 20. Rce1 Bf6 21. Kf1
Rab8 22. Nb3 Bc8 23. Kg1 Bf5 24. R1e2 Bg4 25. Bf3 {Game drawn by mutual
agreement} 1/2-1/2

[Event "Team 45 45 League T35"]
[Site "Internet Chess Club"]
[Date "2007.11.14"]
[Round "5"]
[White "Ernie1"]
[Black "Grenadier"]
[Result "1-0"]
[WhiteElo "1616"]
[BlackElo "1748"]
[Opening "Saragossa opening"]
[ECO "A00"]
[Time "20:01:37"]
[TimeControl "2700+45"]

1. c3 Nf6 2. d4 d5 3. Nf3 e6 4. Bg5 Be7 5. e3 c5 6. dxc5 Bxc5 7. Bd3 h6 8. Bh4
Nbd7 9. Qc2 b6 10. Nbd2 Bb7 11. Nb3 Be7 12. Bb5 O-O 13. Nbd4 Rc8 14. Bg3 Nc5 15.
O-O a6 16. Be2 b5 17. Ne5 Ncd7 18. Nxd7 Qxd7 19. Qb3 Ne4 20. Rfd1 Nxg3 21. hxg3
Rc7 22. a4 bxa4 23. Rxa4 Ra8 24. Rda1 Qc8 25. Qa2 Bc5 26. Bxa6 Bxa6 27. Rxa6
Rca7 28. Rxa7 Rxa7 29. Qb1 Qa8 30. Rxa7 Qxa7 31. b4 Qb6 32. Qd3 Bd6 33. Qb5 Qa7
34. Qa5 Qb8 35. Nc6 Qc8 36. b5 Kf8 37. Qa6 Qe8 38. Qb7 f5 39. b6 Qh5 40. Qc8+
Kf7 41. Nd8+ Ke7 42. Qxe6+ Kxd8 43. Qxd6+ Ke8 44. Qxd5 Qg6 45. b7 {Black
resigns} 1-0

[Event "Team 45 45 League T35"]
[Site "Internet Chess Club"]
[Date "2007.11.19"]
[Round "5"]
[White "GoIrish"]
[Black "NESKAYA"]
[Result "1-0"]
[WhiteElo "1551"]
[BlackElo "1527"]
[Opening "Réti: King's Indian attack"]
[ECO "A05"]
[Time "21:02:10"]
[TimeControl "2700+45"]

1. Nf3 Nf6 2. g3 g6 3. Bg2 Bg7 4. O-O O-O 5. d3 h6 6. e4 d6 7. Bd2 Bg4 8. h3
Bxf3 9. Qxf3 Nbd7 10. Nc3 c6 11. Rae1 Ne5 12. Qd1 c5 13. f4 Nc6 14. Qc1 Kh7 15.
Kh2 e5 16. f5 g5 17. g4 Nd7 18. Re3 f6 19. h4 a6 20. hxg5 hxg5 21. Rh3+ Kg8 22.
Rh1 Kf7 23. Kg3 Qa5 24. R1h2 Rh8 25. Qh1 Rxh3+ 26. Rxh3 b5 27. Be1 Nd4 28. Nd5
Qxa2 29. Rh7 Nf8 30. Qh5+ Kg8 31. Ne7# {Black checkmated} 1-0

[Event "Team 45 45 League T35"]
[Site "Internet Chess Club"]
[Date "2007.11.18"]
[Round "5"]
[White "Jozin"]
[Black "MathWorker"]
[Result "1-0"]
[WhiteElo "1645"]
[BlackElo "1529"]
[Opening "Scandinavian defense"]
[ECO "B01"]
[Time "12:02:29"]
[TimeControl "2700+45"]

1. e4 d5 2. exd5 Nf6 3. d4 Bg4 4. f3 Bf5 5. Bb5+ Nbd7 6. c4 Bxb1 7. Rxb1 g6 8.
Ne2 Bg7 9. O-O O-O 10. Bxd7 Qxd7 11. Be3 b5 12. b3 Ne8 13. Qc2 Nd6 14. Bf2 Rfc8
15. Qd3 c6 16. dxc6 Qxc6 17. d5 Qa6 18. c5 Ne8 19. a4 Rcb8 20. b4 Nc7 21. a5 Rd8
22. Nc3 Qb7 23. Rfd1 Bxc3 24. Qxc3 Nxd5 25. Qe5 f6 26. Qb2 Qc6 27. Rd2 Rd7 28.
Rbd1 Rad8 29. Qb3 Kf8 30. Be1 a6 31. Re2 Nf4 32. Red2 Rxd2 33. Bxd2 Qe6 34. Qxe6
Nxe6 35. Bh6+ Kf7 36. Rxd8 Nxd8 37. Bd2 Ke6 38. Kf2 Kd5 39. Ke3 e5 40. h4 Nf7
41. g3 Nd8 42. g4 f5 43. Kd3 e4+ 44. fxe4+ fxe4+ 45. Ke3 Ne6 46. Be1 h5 47. g5
Nxc5 48. bxc5 Kxc5 49. Kxe4 b4 50. Ke5 Kb5 51. Kf6 Kxa5 52. Kxg6 Ka4 53. Kxh5
Kb3 54. g6 Kc2 55. Bxb4 {Black resigns} 1-0

[Event "Team 45 45 League T35"]
[Site "Internet Chess Club"]
[Date "2007.11.17"]
[Round "5"]
[White "scar99"]
[Black "MarcoDeSade"]
[Result "1-0"]
[WhiteElo "1558"]
[BlackElo "1514"]
[Opening "French: Winawer, advance, Bogolyubov variation"]
[ECO "C17"]
[Time "12:02:15"]
[TimeControl "2700+45"]

1. e4 e6 2. d4 d5 3. Nc3 Bb4 4. e5 c5 5. Bd2 cxd4 6. Nb5 Be7 7. Qg4 g6 8. Nxd4
Nc6 9. Bb5 Bd7 10. Nge2 Nxe5 11. Bxd7+ Qxd7 12. Qf4 Nc6 13. Qe3 Bc5 14. f4 Nf6
15. O-O O-O 16. Bc3 Ne4 17. Kh1 Nxc3 18. Qxc3 Bxd4 19. Nxd4 Nxd4 20. Qxd4 b6 21.
Rf3 Rac8 22. c3 Qe7 23. Re1 Qc5 24. Qf6 Rc7 25. Ree3 Qe7 26. Qe5 Rd7 27. Rh3 Re8
28. Rxh7 f6 29. Rxe7 fxe5 30. Rxe8+ Kf7 31. Rh8 Kg7 32. Reh3 Rf7 33. R8h7+ Kf6
34. Rxf7+ Kxf7 35. fxe5 Kg7 36. Rh4 g5 37. Ra4 a5 38. b4 {Black resigns} 1-0

[Event "Team 45 45 League T35"]
[Site "Internet Chess Club"]
[Date "2007.11.16"]
[Round "5"]
[White "PatoJuca"]
[Black "Beancounter"]
[Result "1/2-1/2"]
[WhiteElo "1811"]
[BlackElo "1806"]
[Opening "Four knights: Scotch, 4...exd4"]
[ECO "C47"]
[Time "13:51:38"]
[TimeControl "2700+45"]

1. e4 e5 2. Nc3 Nf6 3. Nf3 Nc6 4. d4 exd4 5. Nxd4 d6 6. Bc4 Be7 7. O-O O-O 8. h3
Bd7 9. Re1 Re8 10. Be3 Ne5 11. Be2 c6 12. Nf3 Qc7 {Game drawn by mutual
agreement} 1/2-1/2

[Event "Team 45 45 League T35"]
[Site "Internet Chess Club"]
[Date "2007.11.18"]
[Round "5"]
[White "dondel"]
[Black "reijo"]
[Result "0-1"]
[WhiteElo "1442"]
[BlackElo "1610"]
[Opening "QGD semi-Slav: 5...Nd7"]
[ECO "D45"]
[Time "10:59:41"]
[TimeControl "2700+45"]

1. d4 d5 2. c4 c6 3. Nf3 Nf6 4. e3 e6 5. Nc3 Nbd7 6. c5 b6 7. cxb6 Nxb6 8. Be2
Bd6 9. Bd2 Qc7 10. Ne5 Bxe5 11. dxe5 Qxe5 12. f4 Qc7 13. b3 O-O 14. Bf3 Ba6 15.
Be2 Bxe2 16. Qxe2 Rfe8 17. Rc1 Qd7 18. O-O e5 19. f5 d4 20. Nd1 d3 21. Qe1 Ne4
22. g4 Nxd2 23. Qxd2 e4 24. Nf2 Rac8 25. Nh3 Nd5 26. Nf4 Qe7 27. Nxd5 cxd5 28.
Rxc8 Rxc8 29. Rc1 Qd7 30. Kf2 h6 31. h4 Rxc1 32. Qxc1 Qb7 33. g5 hxg5 34. hxg5
Qd7 35. Qc5 Qxf5+ 36. Ke1 Qxg5 37. Qc8+ Kh7 38. Qh3+ Kg6 39. Kd2 d4 40. a4 Qa5+
41. Kd1 Qg5 42. Kd2 dxe3+ 43. Qxe3 Qg2+ 44. Kc3 f5 45. Qxa7 Qc2+ 46. Kb4 d2 47.
Qb6+ Kh7 48. Qf2 d1=Q 49. Qh4+ Kg6 50. Qg3+ Qg4 51. Qd6+ Kg5 52. Qe7+ Kf4 53.
Qd6+ Kf3 54. Qd5 Qd3 55. Qc5 Qf4 56. a5 Qdd6 57. a6 Qxc5+ 58. Kxc5 Qb8 59. Kc4
e3 {White resigns} 0-1

[Event "Team 45 45 League T35"]
[Site "Internet Chess Club"]
[Date "2007.11.17"]
[Round "5"]
[White "Cantemir"]
[Black "Skyler"]
[Result "0-1"]
[WhiteElo "1475"]
[BlackElo "1285"]
[Opening "Caro-Kann defense"]
[ECO "B10"]
[Time "18:08:12"]
[TimeControl "2700+45"]

1. e4 c6 2. f4 d5 3. e5 Bf5 4. Nf3 e6 5. d4 Bg6 6. c4 Ne7 7. c5 Nf5 8. Nc3 Be7
9. Bd3 Nd7 10. O-O O-O 11. Ng5 h6 12. Nh3 b6 13. b4 a5 14. b5 bxc5 15. bxc6 Nb6
16. dxc5 Bxc5+ 17. Kh1 Qc7 18. Bb5 Nd4 19. a4 Nf5 20. Ba3 Bxa3 21. Rxa3 Ne3 22.
Qf3 Nxf1 23. Qxf1 f6 24. Qf2 fxe5 25. Ne2 exf4 26. Nd4 Qd6 27. Rf3 e5 28. Nb3
Nc4 29. Nc5 e4 30. Rxf4 Rxf4 31. Nxf4 Rf8 32. Nce6 Rf7 33. Qg3 Bf5 34. Nd4 Na3
35. c7 Qxc7 36. Qxa3 Qxf4 37. h3 e3 38. Nf3 Be4 39. Be2 Qg3 40. Qxe3 Bxf3 41.
Qe8+ Rf8 42. Qe6+ Kh7 43. Bxf3 Rxf3 44. gxf3 Qxf3+ 45. Kh2 Qe4 46. Qc6 Qc4 47.
Qb5 Qf4+ 48. Kg2 Qg5+ 49. Kf3 Qf5+ 50. Kg3 Kg6 51. Qxa5 Kg5 52. Qd8+ Kg6 53.
Qe8+ Kh7 54. Qb5 Qe5+ 55. Kf2 Qd4+ 56. Kg3 Qe3+ 57. Kg4 Qe4+ 58. Kg3 d4 59. a5
d3 60. a6 d2 61. Qb3 Qe1+ 62. Kf4 d1=Q 63. Qb7 Qd4+ 64. Kf3 Qee3+ 65. Kg2 Qf2+
{White resigns} 0-1

[Event "Team 45 45 League T35"]
[Site "Internet Chess Club"]
[Date "2007.11.17"]
[Round "5"]
[White "AntonioMendonca"]
[Black "Luckydawg"]
[Result "1-0"]
[WhiteElo "1723"]
[BlackElo "1622"]
[Opening "English, 1...Nf6 (Anglo-Indian defense)"]
[ECO "A15"]
[Time "07:33:24"]
[TimeControl "2700+45"]

1. c4 Nf6 2. g3 g6 3. Bg2 Bg7 4. Nc3 O-O 5. d3 d6 6. Bg5 h6 7. Bd2 c6 8. e4 Nbd7
9. Nge2 Qb6 10. Na4 Qc7 11. O-O Ne5 12. Qc2 Rb8 13. f4 Ned7 14. Rab1 a6 15. b4
b5 16. cxb5 axb5 17. Nac3 Qb6+ 18. Kh1 Ng4 19. h3 Ngf6 20. d4 Bb7 21. e5 dxe5
22. dxe5 Nd5 23. a4 bxa4 24. Nxa4 Qc7 25. Bxd5 c5 26. Bxb7 Qxb7+ 27. Kh2 Rfc8
28. Nxc5 Qd5 29. Rfc1 Qf3 30. Be1 {Black forfeits on time} 1-0

[Event "Team 45 45 League T35"]
[Site "Internet Chess Club"]
[Date "2007.11.17"]
[Round "5"]
[White "Zyme"]
[Black "stakastra"]
[Result "1-0"]
[WhiteElo "1466"]
[BlackElo "1517"]
[Opening "QGD: 3.Nc3"]
[ECO "D31"]
[Time "09:01:40"]
[TimeControl "2700+45"]

1. d4 d5 2. c4 e6 3. Nc3 h6 4. Nf3 Nf6 5. Bf4 Bd6 6. Qd2 a6 7. cxd5 exd5 8. g3
O-O 9. Bg2 Be6 10. O-O Re8 11. Rac1 Bb4 12. a3 Ne4 13. Qc2 Nxc3 14. axb4 Nb5 15.
Bxc7 Nxc7 16. Qxc7 Nc6 17. Qxb7 Ne7 18. Qc7 Nf5 19. e3 Rb8 20. Ne5 Qxc7 21. Rxc7
Rxb4 22. Ra1 Rxb2 23. Rxa6 Rb1+ 24. Bf1 Nxd4 25. Rxe6 Rxe6 26. exd4 f6 27. Rc8+
Kh7 28. Nd3 Rb3 29. Rc1 g5 30. Nc5 Reb6 31. Nxb3 Rxb3 32. Rc6 Kg7 33. Rc7+ Kg6
34. Rd7 h5 35. Rxd5 Rb4 36. Kg2 g4 37. Bd3+ Kh6 38. h3 Rb2 39. hxg4 hxg4 40. Rf5
Rd2 41. Rxf6+ Kg7 42. Rg6+ Kf7 43. Bf5 Rxd4 44. Rxg4 Rd2 45. Rf4 Kg7 46. g4 Kh6
47. Kg3 Kg5 48. Rc4 Rb2 49. f4+ Kh6 50. Rc6+ Kg7 51. g5 Rb3+ 52. Kg4 Rb2 53.
Rc7+ Kf8 {Black resigns} 1-0

[Event "Team 45 45 League T35"]
[Site "Internet Chess Club"]
[Date "2007.11.18"]
[Round "5"]
[White "chiiwen"]
[Black "DeLaSalle"]
[Result "1/2-1/2"]
[WhiteElo "1906"]
[BlackElo "1936"]
[Opening "French: Rubinstein variation"]
[ECO "C10"]
[Time "14:36:19"]
[TimeControl "2700+45"]

1. e4 e6 2. d4 d5 3. Nc3 dxe4 4. Nxe4 Nd7 5. Nf3 Ngf6 6. Nxf6+ Nxf6 7. Bd3 b6 8.
Bb5+ Bd7 9. Bxd7+ Nxd7 10. O-O Be7 11. Re1 O-O 12. c3 c5 13. Be3 cxd4 14. Qxd4
Bc5 15. Qd2 Bxe3 16. Qxe3 Qf6 17. Rad1 Rfd8 18. h3 Nc5 19. Nd4 h6 20. Nc6 Rxd1
21. Rxd1 Rc8 22. Ne5 Rd8 23. Rxd8+ Qxd8 24. Qf3 f6 25. Nc6 Qc7 26. Nd4 e5 27.
Qd5+ Kh7 28. Ne6 Nxe6 29. Qxe6 {Game drawn by mutual agreement} 1/2-1/2

[Event "Team 45 45 League T35"]
[Site "Internet Chess Club"]
[Date "2007.11.20"]
[Round "5"]
[White "kabindra"]
[Black "luar1609"]
[Result "0-1"]
[WhiteElo "1773"]
[BlackElo "2121"]
[Opening "Sicilian: Tartakower variation"]
[ECO "B53"]
[Time "13:46:00"]
[TimeControl "2700+45"]

1. e4 c5 2. Nf3 d6 3. d4 cxd4 4. c3 dxc3 5. Nxc3 Nc6 6. Bc4 a6 7. O-O Nf6 8. e5
dxe5 9. Qxd8+ Nxd8 10. Nxe5 Be6 11. Bf4 g6 12. Rfd1 Bg7 13. Na4 b5 14. Nb6 Rb8
15. Bxe6 Nxe6 16. Ned7 Rxb6 17. Nxb6 Nxf4 18. g3 Ne6 19. Rac1 O-O 20. Rc8 Rxc8
21. Nxc8 Kf8 22. Nb6 Ne4 23. f3 Nd6 24. Nd7+ Ke8 25. Nb8 a5 26. b3 Nd4 27. Kg2
e5 28. Rc1 Kd8 29. Na6 Ne6 30. Rc6 Kd7 31. Rb6 Bf8 32. Rb8 Be7 33. Ra8 Kc6 34.
Rh8 Nf8 35. b4 Nf5 36. a3 Nh6 37. bxa5 Bxa3 38. g4 Kb7 39. h4 Kxa6 40. g5 Nf5
41. Kh3 Bd6 42. Kg4 b4 {White resigns} 0-1

[Event "Team 45 45 League T35"]
[Site "Internet Chess Club"]
[Date "2007.11.18"]
[Round "5"]
[White "boozehound"]
[Black "Avedldesierto"]
[Result "0-1"]
[WhiteElo "1668"]
[BlackElo "1794"]
[Opening "Giuoco Piano"]
[ECO "C53"]
[Time "16:07:16"]
[TimeControl "2700+45"]

1. e4 e5 2. Nf3 Nc6 3. Bc4 Bc5 4. c3 Qf6 5. d3 d6 6. h3 Qg6 7. Ng5 Nh6 8. Qf3
Be6 9. Nxe6 fxe6 10. b4 Rf8 11. Qxf8+ Kxf8 12. bxc5 Qxg2 13. Rf1 Qxh3 14. cxd6
cxd6 15. Ba3 Nf7 16. Nd2 Na5 17. O-O-O Nxc4 18. Nxc4 Ke7 19. f4 exf4 20. e5 Kd7
21. exd6 b5 22. Rxf4 Qh6 23. Rf1 bxc4 24. Kc2 cxd3+ 25. Kxd3 Ne5+ 26. Kc2 Qg6+
27. Kb3 Rb8+ 28. Ka4 Qc2+ 29. Ka5 Nc6+ 30. Ka6 Qd3+ 31. c4 Qxa3# {White
checkmated} 0-1

[Event "Team 45 45 League T35"]
[Site "Internet Chess Club"]
[Date "2007.11.18"]
[Round "5"]
[White "izit"]
[Black "bobhill"]
[Result "1-0"]
[WhiteElo "2166"]
[BlackElo "2029"]
[Opening "Sicilian: dragon, Yugoslav attack, 12.h4"]
[ECO "B79"]
[Time "14:04:12"]
[TimeControl "2700+45"]

1. e4 c5 2. Nf3 d6 3. d4 cxd4 4. Nxd4 Nf6 5. Nc3 g6 6. Be3 Bg7 7. f3 Nc6 8. Qd2
O-O 9. Bc4 Bd7 10. O-O-O Qa5 11. Bb3 Rfc8 12. h4 Ne5 13. h5 Nxh5 14. g4 Nf6 15.
Rh4 Rxc3 16. Qxc3 Qxc3 17. bxc3 Rc8 18. Kd2 Nxf3+ 19. Nxf3 Nxe4+ 20. Kc1 Bxc3
21. Rdh1 Nf6 22. Ng5 Bxg4 23. Nxh7 Nxh7 24. Rxg4 e6 25. Rxg6+ Kf8 26. Rxh7 fxg6
27. Bxe6 Rb8 28. Bxa7 Re8 29. Rf7+ Kg8 30. Re7+ Kf8 31. Rxe8+ Kxe8 32. Bb6 Ke7
33. Bd5 g5 34. a4 g4 35. Kd1 g3 36. Ke2 Kf6 37. Kd3 Ke5 38. Bxb7 Be1 39. Bg2 d5
40. c3 Kd6 41. a5 Kc6 42. c4 Kb7 43. c5 Ka6 44. Kd4 Bd2 45. Kxd5 Bf4 46. Kc6
{Black resigns} 1-0

[Event "Team 45 45 League T35"]
[Site "Internet Chess Club"]
[Date "2007.11.17"]
[Round "5"]
[White "BaroneRosso"]
[Black "ddlj81"]
[Result "1/2-1/2"]
[WhiteElo "2000"]
[BlackElo "2030"]
[Opening "QGD Slav defense"]
[ECO "D10"]
[Time "10:11:54"]
[TimeControl "2700+45"]

1. d4 d5 2. c4 c6 3. Nc3 Nf6 4. e3 Bf5 5. cxd5 cxd5 6. Qb3 e6 7. Qxb7 Nbd7 8.
Nf3 Rb8 9. Qxa7 Bb4 10. Bd2 O-O 11. a3 Ra8 12. Qb7 Qe7 13. Be2 Rfb8 14. Qc6 Rc8
{Game drawn by mutual agreement} 1/2-1/2

[Event "Team 45 45 League T35"]
[Site "Internet Chess Club"]
[Date "2007.11.18"]
[Round "5"]
[White "Qui"]
[Black "A-Ru"]
[Result "0-1"]
[WhiteElo "2005"]
[BlackElo "1899"]
[Opening "QGD: semi-Slav, Abrahams variation"]
[ECO "D31"]
[Time "10:51:06"]
[TimeControl "2700+45"]

1. d4 e6 2. c4 d5 3. Nc3 c6 4. Nf3 dxc4 5. a4 Bb4 6. e3 b5 7. Bd2 a5 8. axb5
Bxc3 9. bxc3 cxb5 10. Ne5 Nf6 11. Qb1 Bd7 12. Be2 O-O 13. Bf3 Ra7 14. g4 Nd5 15.
g5 Nc6 16. Nxd7 Qxd7 17. Be4 b4 18. Bxh7+ Kh8 19. Qe4 f6 20. Bg6 fxg5 21. Qg4
Nf6 22. Qxg5 b3 23. Bc1 Ne7 24. Bb1 Qd5 25. Qh4+ Kg8 26. Rg1 Nf5 27. Qf4 Nd6 28.
Ba3 Nfe4 29. Bxe4 Qxe4 30. Qxd6 Rxf2 31. Qd8+ Kh7 32. Rg3 Qh1+ 33. Kxf2 Rf7+ 34.
Ke2 Qxh2+ 35. Ke1 Qxg3+ {White resigns} 0-1

[Event "Team 45 45 League T35"]
[Site "Internet Chess Club"]
[Date "2007.11.18"]
[Round "5"]
[White "Beetlejuice"]
[Black "smitty120"]
[Result "1-0"]
[WhiteElo "1920"]
[BlackElo "1909"]
[Opening "King's Indian: 5.Nf3"]
[ECO "E90"]
[Time "14:01:27"]
[TimeControl "2700+45"]

1. d4 Nf6 2. Nf3 g6 3. c4 Bg7 4. Nc3 d6 5. e4 O-O 6. h3 e5 7. d5 Nh5 8. Nh2 f5
9. exf5 gxf5 10. Qxh5 Nd7 11. Bd3 Nf6 12. Qe2 e4 13. Bc2 Nd7 14. Bd2 Ne5 15.
O-O-O a6 16. g4 Qh4 17. gxf5 e3 18. Bxe3 b5 19. Rdg1 Kh8 20. Nf3 Nxf3 21. Qxf3
b4 22. Bg5 Bh6 23. Ne4 Bxf5 24. Qe3 Bxe4 25. Qd4+ Bg7 26. Qxg7+ Kxg7 27. Bxh4+
Bg6 28. Bxg6 hxg6 29. Re1 Rf4 30. Bg3 Rxc4+ 31. Kb1 Kf6 32. Rc1 Rd4 33. Rhd1
Rxd1 34. Rxd1 Re8 35. Kc2 Re4 36. Kd3 Kf5 37. Rc1 {Black resigns} 1-0

[Event "Team 45 45 League T35"]
[Site "Internet Chess Club"]
[Date "2007.11.18"]
[Round "5"]
[White "chickenhead"]
[Black "DocHoliday"]
[Result "1/2-1/2"]
[WhiteElo "1884"]
[BlackElo "1949"]
[Opening "English: three knights system"]
[ECO "A27"]
[Time "15:06:29"]
[TimeControl "2700+45"]

1. c4 e5 2. Nc3 Nc6 3. Nf3 f5 4. d4 e4 5. Ng5 Nf6 6. Nh3 Bb4 7. e3 O-O 8. Be2 d6
9. O-O Bxc3 10. bxc3 b6 11. Nf4 Na5 12. Rb1 c5 13. Ba3 g5 14. Nd5 Ba6 15. Nxf6+
Qxf6 16. Qa4 Qf7 17. dxc5 dxc5 18. Bxc5 Rfc8 19. Bd4 Bxc4 20. Bxc4 Qxc4 21.
Qxc4+ Nxc4 22. Rb5 Rf8 23. Rd5 Rad8 24. Rxd8 Rxd8 25. Rb1 Rd5 26. Rb4 Ne5 27. c4
Nd3 28. Rb5 Rxb5 29. cxb5 Kf7 30. Kf1 Ke6 31. a4 Kd5 32. a5 Nc5 33. axb6 axb6
34. Bf6 g4 35. Bd8 Nd7 36. f3 gxf3 37. gxf3 exf3 38. Kf2 Ke4 39. Bc7 h5 40. h3
f4 41. exf4 Nc5 42. f5 Nd3+ 43. Kf1 Kxf5 44. Bxb6 Ke4 45. Bf2 Kd5 46. Be3 Kd6
47. h4 Kc7 48. Kg1 Kb7 49. Kh2 Ne1 50. Bf2 Nd3 51. Kg3 Ne5 52. Kf4 Ng4 53. Kxf3
Nxf2 54. Kxf2 Kb6 55. Kf3 Kxb5 56. Kf4 Kc6 57. Kg5 Kd6 58. Kxh5 Ke7 59. Kg6 Kf8
60. Kh7 Kf7 61. h5 Kf8 62. h6 {Game drawn by mutual agreement} 1/2-1/2

[Event "Team 45 45 League T35"]
[Site "Internet Chess Club"]
[Date "2007.11.18"]
[Round "5"]
[White "Budzo"]
[Black "VanillaQueen"]
[Result "0-1"]
[WhiteElo "1747"]
[BlackElo "1868"]
[Opening "QGD semi-Slav: Stoltz variation"]
[ECO "D45"]
[Time "08:59:22"]
[TimeControl "2700+45"]

1. Nf3 d5 2. d4 c6 3. c4 e6 4. e3 Nf6 5. Nc3 Nbd7 6. Qc2 dxc4 7. Bxc4 b5 8. Be2
Bb7 9. O-O a6 10. e4 c5 11. Bg5 cxd4 12. Nxd4 b4 13. Nd1 Qa5 14. Nf3 Rc8 15. Qb3
Nxe4 16. Bf4 Be7 17. Ne3 O-O 18. Rfd1 Ndc5 19. Qc2 Rfd8 20. Nc4 Qa4 21. b3 Qe8
22. Bd2 Nxd2 23. Nfxd2 Bf6 24. Rac1 Rc7 25. Bf3 Nd3 26. Rb1 Bd4 27. Rf1 Ba7 28.
Be4 Bxe4 29. Nxe4 Qc6 30. Qe2 Rcd7 31. Rbd1 h6 32. Qg4 Kf8 33. Ned2 Rd4 34. Qg3
Nf4 35. Rfe1 Bb8 36. Qf3 Qxf3 37. gxf3 R8d5 38. Re4 Rd3 39. Re3 Rg5+ 40. Kh1 Ba7
41. Rxd3 Nxd3 42. Ne4 Rd5 43. Rd2 f5 44. Ng3 Nxf2+ 45. Kg2 Rxd2 46. Nxd2 Nd3 47.
Nc4 Nc1 48. Ne5 Nxa2 {White resigns} 0-1

[Event "Team 45 45 League T35"]
[Site "Internet Chess Club"]
[Date "2007.11.17"]
[Round "5"]
[White "Lazerpawn"]
[Black "GrandPoobah069"]
[Result "1-0"]
[WhiteElo "1732"]
[BlackElo "1733"]
[Opening "Sicilian: Tartakower variation"]
[ECO "B21"]
[Time "15:15:16"]
[TimeControl "2700+45"]

1. e4 c5 2. d4 cxd4 3. c3 d6 4. Nf3 Nf6 5. Bd3 Nc6 6. cxd4 g6 7. h3 Bg7 8. O-O
O-O 9. Nc3 Bd7 10. Be3 a6 11. a3 Rc8 12. Rc1 Na5 13. Qe2 b5 14. Nd2 Re8 15. f4
Bc6 16. f5 Nc4 17. Nxc4 bxc4 18. Bxc4 Bxe4 19. Nxe4 Nxe4 20. fxg6 Rf8 21. Bxf7+
Kh8 22. Qh5 h6 23. Bxh6 Nf6 24. Rxf6 Rxf7 25. Bxg7+ Kxg7 26. Rxf7+ {Black
resigns} 1-0

[Event "Team 45 45 League T35"]
[Site "Internet Chess Club"]
[Date "2007.11.19"]
[Round "5"]
[White "BraafPaard"]
[Black "GolfSuper"]
[Result "1/2-1/2"]
[WhiteElo "1565"]
[BlackElo "1630"]
[Opening "Sicilian: Najdorf, Opocensky variation"]
[ECO "B92"]
[Time "20:02:58"]
[TimeControl "2700+45"]

1. e4 c5 2. Nf3 d6 3. d4 cxd4 4. Nxd4 Nf6 5. Nc3 a6 6. Be2 e5 7. Nb3 Be6 8. f4
Be7 9. f5 Bd7 10. Bg5 Qc7 11. Bxf6 gxf6 12. Nd5 Qc6 13. Qd3 a5 14. O-O a4 15.
Nd2 Na6 16. Nc4 Nc5 17. Qe3 Bd8 18. Rad1 b5 19. Na3 Qb7 20. Kh1 Bc6 21. c4 Bxd5
22. Rxd5 bxc4 23. Nxc4 Be7 24. Rxd6 Qxe4 25. Qxe4 Nxe4 26. Rb6 Bc5 27. Rb5 Nf2+
28. Kg1 Nh3+ 29. Kh1 Nf2+ 30. Kg1 Nh3+ 31. Kh1 Nf2+ {Game drawn by repetition}
1/2-1/2

[Event "Team 45 45 League T35"]
[Site "Internet Chess Club"]
[Date "2007.11.18"]
[Round "5"]
[White "Boromir"]
[Black "John3v16"]
[Result "1-0"]
[WhiteElo "1989"]
[BlackElo "1901"]
[Opening "QGD semi-Slav"]
[ECO "D43"]
[Time "03:01:22"]
[TimeControl "2700+45"]

1. Nf3 d5 2. d4 Nf6 3. c4 c6 4. Nc3 e6 5. Bg5 h6 6. Bh4 g5 7. Bg3 dxc4 8. e4 b5
9. Be2 Bb4 10. Qc2 Nbd7 11. O-O Bb7 12. a4 a6 13. Rfd1 Nh5 14. b3 cxb3 15. Qxb3
Nxg3 16. hxg3 Bf8 17. d5 Nc5 18. Qb2 Qf6 19. e5 Qg6 20. dxc6 Bxc6 21. axb5 Rb8
22. Qd2 Nb3 23. Qa2 Nxa1 24. bxc6 Bb4 25. c7 Rc8 26. Qa4+ Kf8 27. Qxb4+ Kg7 28.
Bd3 Qh5 29. g4 a5 30. Qa4 {Black resigns} 1-0

[Event "Team 45 45 League T35"]
[Site "Internet Chess Club"]
[Date "2007.11.19"]
[Round "5"]
[White "hewdondada"]
[Black "ivanson"]
[Result "0-1"]
[WhiteElo "1829"]
[BlackElo "1870"]
[Opening "Trompowsky attack (Ruth, Opocenský opening)"]
[ECO "A45"]
[Time "19:02:55"]
[TimeControl "2700+45"]

1. d4 Nf6 2. Bg5 e6 3. e4 h6 4. Bxf6 Qxf6 5. c3 d5 6. e5 Qd8 7. Bd3 c5 8. Nf3
Nc6 9. O-O Bd7 10. Nbd2 Qb6 11. Qb3 Qc7 12. Be2 cxd4 13. cxd4 Be7 14. Rac1 O-O
15. a3 Rac8 16. Qe3 Qd8 17. b4 a6 18. Nb3 f6 19. exf6 Rxf6 20. Ne5 Nxe5 21. dxe5
Rf8 22. Nd4 Rxc1 23. Rxc1 Bg5 24. Qc3 Bxc1 25. Qxc1 Qb6 26. Qe3 Bb5 27. Bg4 Bd7
28. g3 Rc8 29. Kg2 Rc4 30. Nc2 Qxe3 31. Nxe3 Rc3 32. Nxd5 Rxa3 33. Nb6 Bc6+ 34.
Kh3 Kf7 35. Nc8 Rb3 36. Bh5+ g6 37. Nd6+ Kg7 38. Bg4 Bd5 39. Ne8+ Kf8 40. Nc7
Ke7 41. b5 a5 42. Be2 a4 43. Bd1 Rb4 {White resigns} 0-1

[Event "Team 45 45 League T35"]
[Site "Internet Chess Club"]
[Date "2007.11.19"]
[Round "5"]
[White "AlterEgo"]
[Black "ExpertLevel"]
[Result "0-1"]
[WhiteElo "1591"]
[BlackElo "1842"]
[Opening "Sicilian: O'Kelly variation"]
[ECO "B28"]
[Time "14:07:29"]
[TimeControl "2700+45"]

1. e4 c5 2. Nf3 a6 3. d4 cxd4 4. Nxd4 Nf6 5. Nc3 e5 6. Nf3 Nc6 7. Bd2 d6 8. h3
b5 9. a3 Be7 10. Bd3 O-O 11. O-O Bb7 12. Bg5 Re8 13. Ne2 Nd7 14. Be3 Nf8 15. b4
Ng6 16. c4 bxc4 17. Bxc4 h6 18. Qb3 Rf8 19. Rad1 Qd7 20. Qa2 Nd8 21. Bd5 Ne6 22.
Qd2 Rab8 23. Kh2 Nc7 24. Nc3 Kh7 25. Bb3 f5 26. Bc2 f4 27. Ba7 Rbc8 28. Bb6 Ne8
29. Bb3 Nf6 30. Qd3 Qc6 31. Na4 Qxe4 32. Qxe4 Bxe4 33. Ng1 Nh4 34. f3 Bb7 35.
Bf2 Nf5 36. Be6 Ng3 37. Bxg3 fxg3+ 38. Kxg3 Rc7 39. Rc1 Rc6 40. Rxc6 Bxc6 41.
Nc3 Nh5+ 42. Kh2 Nf4 43. Bc4 d5 44. Bxa6 d4 45. Nb5 Ra8 46. Nc7 Ra7 47. g3 Ng6
48. b5 Bxb5 49. Bxb5 Rxc7 50. a4 Rc2+ 51. Kh1 Rc3 52. Rd1 Nf8 53. Kg2 Ne6 54.
Ne2 Ra3 55. g4 Nc5 56. f4 d3 57. Nc1 e4 58. Kf2 Nxa4 59. Bc6 Bc5+ 60. Kg3 {White
resigns} 0-1